 Dungeon Crawl Stone Soup version 0.23.2-11-gf996548c65 (webtiles) character file.

Game seed: 17056560555744751565

348 turkish the Insei (level 6, 0/60 HPs)
             Began as an Octopode Transmuter on June 4, 2019.
             Slain by an orc
             ... wielding a +0 short sword
              (4 damage)
             ... on level 4 of the Dungeon.
             The game lasted 00:11:47 (3973 turns).

turkish the Insei (Octopode Transmuter)             Turns: 3973, Time: 00:11:48

Health: 0/60       AC:  2    Str: 14    XL:     6   Next: 60%
Magic:  10/10      EV: 14    Int: 15    God:
Gold:   140        SH:  0    Dex: 15    Spells: 5/11 levels left

rFire    . . .     SeeInvis .   j - +2 short sword (venom)
rCold    . . .     Gourm    .   (no shield)
rNeg     . . .     Faith    .   (helmet restricted)
rPois    .         Spirit   .   (no amulet)
rElec    .         Reflect  .   b - ring of resist corrosion
rCorr    +         Harm     .   e - +1 ring of protection
MR       .....                  o - ring of wizardry
Stlth    ..........             (no ring)
HPRegen  0.20/turn              (no ring)
MPRegen  0.12/turn              (no ring)
                                (no ring)
                                (no ring)

@: mighty, berserking (expiring), very quick
A: almost no armour, stealthy swim, amphibious, 8 rings, constrict 8, camouflage
1, gelatinous body 1
a: no special abilities


You were on level 4 of the Dungeon.
You were not hungry.

You visited 1 branch of the dungeon, and saw 4 of its levels.

You collected 140 gold pieces.

Inventory:

Hand Weapons
 j - a +2 short sword of venom (weapon)
 l - a +1 whip of electrocution
 y - a +1 antimagic trident
Missiles
 a - 12 arrows
 m - 9 tomahawks
 u - 9 javelins (quivered)
Jewellery
 b - a ring of resist corrosion (left tentacle)
 e - a +1 ring of protection (right tentacle)
 o - a ring of wizardry (on tentacle)
Wands
 w - a wand of clouds (5)
Scrolls
 d - a scroll of enchant armour {unknown}
 f - a scroll of magic mapping {unknown}
 g - 3 scrolls of identify {unknown}
 k - a scroll of fog {unknown}
 p - a scroll of fear {unknown}
 s - a scroll of amnesia {unknown}
 z - a scroll of remove curse {unknown}
Potions
 h - a potion of might
 i - a potion of resistance {unknown}
 n - a potion of agility {unknown}
 q - a potion of lignification {unknown}
 r - a potion of berserk rage
 t - a potion of heal wounds {unknown}
 v - a potion of mutation {unknown}
 A - a potion of invisibility {unknown}
Comestibles
 c - 2 rations
 x - 5 chunks of flesh


   Skills:
 + Level 2.3 Fighting
 - Level 0.2 Short Blades
 - Level 0.1 Throwing
 - Level 3.0 Dodging
 - Level 1.4 Stealth
 + Level 3.9 Unarmed Combat
 + Level 3.1 Spellcasting
 + Level 3.0 Transmutations
 * Level 3.2 Poison Magic


You had 5 spell levels left.
You knew the following spells:

 Your Spells              Type           Power        Failure   Level  Hunger
a - Beastly Appendage     Tmut           ##....       2%          1    #......
b - Sticks to Snakes      Tmut           ##......     3%          2    ##.....
c - Spider Form           Tmut/Pois      ##........   6%          3    ###....

Your spell library contained the following spells:

 Spells                   Type           Power        Failure   Level  Hunger
 Ice Form                 Ice/Tmut       #.......     38%         4    #####..
 Blade Hands              Tmut           ##........   50%         5    ######.


Dungeon Overview and Level Annotations

Branches:
Dungeon (4/15)
 Temple: D:4-7

Altars:
Ashenzari
Dithmenos


Innate Abilities, Weirdness & Mutations

You cannot wear most types of armour.
You are very stealthy in the water. (Stealth+)
You are amphibious.
You can wear up to eight rings at the same time.
You can use your tentacles to constrict eight enemies at once.
Your skin changes colour to match your surroundings (Stealth+).
Your rubbery body absorbs attacks. (AC +1, EV +1)


Message History

You puncture something!
Reactivating autopickup.
You feel a bit more experienced.
You closely miss the frilled lizard. Your grab misses the frilled lizard.
The frilled lizard bites you.
* * * LOW HITPOINT WARNING * * *
You puncture the frilled lizard!
You kill the frilled lizard!
Your Transmutations skill increases to level 3!
The orc priest looks braver for a moment.
You puncture the bullfrog skeleton! Your grab misses the bullfrog skeleton.
The bullfrog skeleton is moderately damaged.
The bullfrog skeleton closely misses you.
You impale the bullfrog skeleton!! Your grab misses the bullfrog skeleton.
You squeeze the bullfrog skeleton.
You destroy the bullfrog skeleton!
The orc priest hits you with a +0 dagger.
* * * LOW HITPOINT WARNING * * *
The orc hits you with a +0 short sword.
You die...

.#........
.#......l .#......
.# .... .# #..
.###.#####
...#....o#########
.....o).o.....ooo#
......##########@#
...o.## #.# ....##
#.# ....# ..#
....# .### .....
.# .!.#. ##


You could see 2 orc priests and an orc.

Vanquished Creatures
  An ogre (D:4)
  A bullfrog skeleton (D:4)
  An orc wizard (D:4)
  An iguana (D:4)
  Ijyb (D:2)
  A hound skeleton (D:4)
  2 adders
  4 gnolls (D:2)
  2 worms
  2 dart slugs
  2 leopard geckos
  2 orcs
  8 hobgoblins
  6 jackals
  3 kobolds
  A quokka (D:3)
  2 ball pythons
  4 bats (D:2)
  6 frilled lizards
  17 goblins
  11 rats
78 creatures vanquished.

Notes
Turn   | Place    | Note
-------+----------+-------------------------------------------
     0 | D:1      | turkish the Octopode Transmuter began the quest for the
                  | Orb.
     0 | D:1      | Reached XP level 1. HP: 13/13 MP: 3/3
   529 | D:1      | Reached XP level 2. HP: 18/18 MP: 3/5
  1293 | D:2      | Found a shadowy altar of Dithmenos.
  1302 | D:2      | Reached XP level 3. HP: 20/23 MP: 6/6
  1310 | D:2      | Learned a level 2 spell: Sticks to Snakes
  1314 | D:2      | Learned a level 3 spell: Spider Form
  1837 | D:2      | Noticed Ijyb
  1872 | D:2      | Killed Ijyb
  1872 | D:2      | Reached skill level 1 in Stealth
  1872 | D:2      | Reached skill level 1 in Poison Magic
  1872 | D:2      | Reached XP level 4. HP: 3/28 MP: 7/7
  1881 | D:2      | HP: 1/28 [bat (1)]
  2688 | D:2      | Reached XP level 5. HP: 22/33 MP: 8/8
  3546 | D:3      | Found a shattered altar of Ashenzari.
  3784 | D:4      | Noticed an ogre
  3806 | D:4      | Killed an ogre
  3806 | D:4      | Reached XP level 6. HP: 19/39 MP: 6/10
  3973 | D:4      | Slain by an orc

Skill      XL: |  1  2  3  4  5  6 |
---------------+-------------------+-----
Stealth        | 1 |  1.4
Poison Magic   | 1 2 3 |  3.2
Dodging        | 3 |  3.0
Fighting       | 2 |  2.3
Spellcasting   | 3 |  3.1
Transmutations | 3 |  3.0
Short Blades   | |  0.2
Throwing       | |  0.1
Unarmed Combat | |  3.9

Action                   |  1- 3 |  4- 6 || total
-------------------------+-------+-------++-------
Melee: Unarmed           |    52 |     5 ||    57
       Constrict         |    20 |    25 ||    45
       Kick              |    11 |     4 ||    15
       Tentacles         |    14 |    18 ||    32
       Short sword       |    24 |    84 ||   108
       Punch             |     1 |       ||     1
Throw: Javelin           |       |     4 ||     4
 Cast: Beastly Appendage |     9 |     8 ||    17
       Spider Form       |       |     1 ||     1
  Use: Potion            |       |     2 ||     2
 Stab: Sleeping          |     3 |     4 ||     7
  Eat: Chunk             |     3 |     7 ||    10
Armor: Skin              |    17 |     7 ||    24
Dodge: Dodged            |    59 |    52 ||   111
